 Dungeon Crawl Stone Soup version 0.30-a0-585-g93115170b9 (webtiles) character file.

Game seed: 13501259735181025214

5177 lunkers the Slicer (level 11, -12/65 (91) HPs)
             Began as a Meteoran Reaver on Jan 2, 2023.
             Was an Initiate of Gozag.
             Mangled by a komodo dragon (15 damage)
             ... on level 1 of the Lair of Beasts.
             The game lasted 00:16:13 (4502 turns).

lunkers the Slicer (Meteoran Reaver)                Turns: 4502, Time: 00:16:14

HP:   -12/65 (91)   AC:  9    Str: 17    XL:     11   Next: 13%
MP:   3/5           EV: 18    Int: 19    God:    Gozag
Gold: 884           SH:  0    Dex: 17    Spells: 6/15 levels left

rFire   . . .      SeeInvis .    a - +8 great sword "Hell-Harrower" {antimagic, Will++ Dex+3}
rCold   . . .      Faith    .    (shield currently unavailable)
rNeg    . . .      Spirit   .    k - +1 leather armour "Hofus" {Int+4}
rPois   .          Reflect  .    (no helmet)
rElec   .          Harm     .    (no cloak)
rCorr   .          Rampage  .    o - +0 pair of gloves
Will    +++..                    (no boots)
Stlth   +                        (no amulet)
HPRegen 0.30/turn                i - +4 ring of protection
MPRegen 0.09/turn                y - +5 ring of evasion

@: glowing, very heavily drained
A: sense surroundings 2, otherworldly, glowing, explore regen
a: Renounce Religion, Potion Petition, Call Merchant, Bribe Branch


You were on level 1 of the Lair of Beasts.
You worshipped Gozag.
Gozag was pleased with you.
You visited 3 branches of the dungeon, and saw 11 of its levels.

You collected 985 gold pieces.
You paid 101 gold pieces to Gozag.

Inventory:

Hand Weapons
 a - the +8 great sword "Hell-Harrower" (weapon) {antimagic, Will++ Dex+3}
   (You took it off a centaur on level 8 of the Dungeon)

   It reduces the magical energy of the wielder, and disrupts the spells and
   magical abilities of those it strikes.
   Natural abilities and divine invocations are not affected.
   Dex:       It affects your dexterity (+3).
   Will:      It greatly increases your willpower.
 b - the +10 dagger of Demand {flame, Will+ Int+3}
   (You took it off an orc on level 4 of the Dungeon)

   It burns those it strikes, dealing additional fire damage.
   Int:       It affects your intelligence (+3).
   Will:      It increases your willpower.
 s - a +1 short sword
 C - a +3 war axe of freezing
 D - a +2 scimitar of freezing
Missiles
 r - a throwing net
Armour
 k - the +1 leather armour "Hofus" (worn) {Int+4}
   (You found it on level 2 of the Dungeon)

   Int:       It affects your intelligence (+4).
 o - a +0 pair of gloves (worn)
 G - a +0 leather armour
Magical Staves
 c - a staff of fire
 f - a staff of earth
Jewellery
 i - a +4 ring of protection (left hand)
 m - a +6 ring of dexterity
 y - a +5 ring of evasion (right hand)
Wands
 v - a wand of roots (8)
Scrolls
 g - 6 scrolls of teleportation
 p - a scroll of fog {unknown}
 t - a scroll of poison {unknown}
 w - a scroll of enchant armour {unknown}
 x - a scroll of silence {unknown}
 z - a scroll of magic mapping {unknown}
Potions
 d - a potion of berserk rage
 e - 2 potions of resistance
 h - 2 potions of cancellation
 j - 8 potions of curing
 l - a potion of might
 n - a potion of magic
 q - a potion of ambrosia
 u - 4 potions of attraction
 A - 2 potions of invisibility
 B - 2 potions of heal wounds {unknown}
 E - 2 potions of brilliance {unknown}
 F - a potion of flight {unknown}
 I - a potion of lignification {unknown}
 J - a potion of degeneration {unknown}
 K - 2 potions of mutation {unknown}
Miscellaneous
 H - a phial of floods


   Skills:
 - Level 6.6 Fighting
 - Level 10.0(11.4) Short Blades
 + Level 9.6(11.8) Long Blades
 - Level 3.6 Dodging
 - Level 2.9 Spellcasting
 - Level 5.2 Conjurations
 - Level 7.0 Translocations
 - Level 4.1 Air Magic


You had 6 spell levels left.
You knew the following spells:

 Your Spells              Type           Power      Damage    Failure   Level
b - Momentum Strike       Conj/Tloc      52%        3d9       2%          2
c - Hailstorm             Conj/Ice       12%        3d5       19%         3
d - Vhi's Electric Charg  Tloc/Air       46%        N/A       6%          3
p - Kiss of Death         Conj/Necr      48%        2d9       6%          1

Your spell library contained the following spells:

 Spells                   Type           Power      Damage    Failure   Level
 Confusing Touch          Hex            2%         N/A       50%         3
 Arcjolt                  Conj/Air       10%        1d20      61%         5
 Dispel Undead            Necr           2%         3d7       88%         4
 Maxwell's Capacitive Co  Air            9%         ∞         100%        8


Dungeon Overview and Level Annotations

Branches:
Dungeon (8/15) Zot: 676    Temple (1/1) D:5 Zot: 571    Lair (2/5) D:8 Zot: 953
  Swamp: Lair:2-3    Shoals: Lair:2-3     Snake: Lair:2-3    Spider: Lair:2-3

Altars:
Ashenzari
Cheibriados
Dithmenos
Elyvilon
Gozag
Hepliaklqana
Kikubaaqudgha
Makhleb
Nemelex Xobeh
Okawaru
Qazlal
Ru
Sif Muna
Trog
Uskayaw
Vehumet
Wu Jian
Xom
Yredelemnul
Zin

Shops:
D:1 ?

Annotations:
D:7 1 runed translucent door, oldriver's ghost, novice NaAr


Innate Abilities, Weirdness & Mutations

You passively map the area around you.
You are easily found by Zot.
You glow in the dark.
You regain HP and MP as you explore.


Message History

You closely miss the komodo dragon.
The komodo dragon bites you but does no damage.
You slash the komodo dragon!
The komodo dragon is lightly wounded.
The komodo dragon bites you but does no damage.
You hit the komodo dragon.
The komodo dragon is moderately wounded.
The komodo dragon bites you!
* * * LOW HITPOINT WARNING * * *
You barely miss the komodo dragon.
The komodo dragon is moderately wounded.
The komodo dragon bites you!!
* * * LOW HITPOINT WARNING * * *
You slice the komodo dragon!!
The komodo dragon is almost dead.
The komodo dragon hisses menacingly.
The komodo dragon bites you!
* * * LOW HITPOINT WARNING * * *
The komodo dragon bites you!
* * * LOW HITPOINT WARNING * * *
Casting: Vhi's Electric Charge (mildly dangerous; 6% risk of failure)
Confirm with . or Enter, or press ? or * to list all spells.
Aiming: Kiss of Death (safe; 6% risk of failure)
Press: ? - help, Shift-Dir - straight line, f - komodo dragon
Aim: a komodo dragon (severely wounded, 100% to hit)
The negative energy hits the komodo dragon but does no damage.
The komodo dragon is drained!
The komodo dragon is almost dead.
You feel drained. The komodo dragon barely misses you.
Casting: Kiss of Death (safe; 6% risk of failure)
Confirm with . or Enter, or press ? or * to list all spells.
Aiming: Kiss of Death (safe; 6% risk of failure)
Press: ? - help, Shift-Dir - straight line, f/p - komodo dragon
Aim: a komodo dragon (almost dead, lightly drained, 100% to hit)
The negative energy hits the komodo dragon but does no damage.
The komodo dragon is drained!
The komodo dragon is almost dead.
You feel drained. The komodo dragon bites you!
You die...
Your body crumbles into a pile of gold.

,, ,~~ #
*............
~ , #
#....(...#.
~** *
#.........# ,
,,
##........#
~* ,
#.........##
~
,#........##~
~ ~
#.........#PP
~ , *,, ,
#...@.......,
, * ,
##..l....###
* , *
##.....## *,
* ##....# ,
.###.# * , #
## , * * ,, ,
,* * ,, ,


You could see a komodo dragon (drained).

Vanquished Creatures
  A deep elf pyromancer (D:8)
  A komodo dragon (Lair:1)
  A wraith (D:8)
  10 yaks
  Eustachio (D:5)
  3 water moccasins
  An ice beast (D:7)
  An orc warrior (D:6)
  A black bear (D:5)
  An ogre (D:6)
  A phantom (D:6)
  A centaur (D:8)
  4 bullfrogs
  4 necrophages
  3 scorpions
  7 wights
  An electric eel (Lair:1)
  A howler monkey (D:8)
  2 hounds
  2 gnoll boudas (D:7)
  3 orc priests (D:6)
  5 jellies
  3 iguanas
  Natasha (twice) (D:3 D:2)
  3 orc wizards
  12 gnolls
  7 adders
  A shadow imp (D:7)
  2 worms (D:2)
  3 dart slugs
  15 orcs
  5 endoplasms
  A giant cockroach (D:3)
  6 hobgoblins
  6 jackals
  7 quokkas
  6 ball pythons
  3 bats
  2 frilled lizards
  A goblin (D:4)
  4 kobolds
  5 rats
149 creatures vanquished.

Vanquished Creatures (others)
  4 fungi (D:2)
  3 plants (Lair:1)
7 creatures vanquished.

Grand Total: 156 creatures vanquished

Notes
Turn   | Place    | Note
-------+----------+-------------------------------------------
     0 | D:1      | lunkers the Meteoran Reaver began the quest for the Orb.
     0 | D:1      | Reached XP level 1. HP: 17/17 MP: 5/5
    62 | D:1      | Reached XP level 2. HP: 22/24 MP: 6/6
    75 | D:1      | Learned a level 2 spell: Momentum Strike
   153 | D:1      | Reached skill level 4 in Short Blades
   276 | D:1      | Reached XP level 3. HP: 22/29 MP: 5/8
   280 | D:1      | Learned a level 3 spell: Hailstorm
   292 | D:1      | Found The Oracle's Delphic Readings.
   444 | D:2      | Reached XP level 4. HP: 16/36 MP: 3/9
   471 | D:2      | Reached skill level 5 in Short Blades
   590 | D:2      | Identified the +1 leather armour "Hofus" {Int+4}
   772 | D:2      | Found a faded altar of an unknown god.
   809 | D:3      | Noticed Natasha
   815 | D:3      | Killed Natasha
   816 | D:3      | Reached XP level 5. HP: 36/41 MP: 7/10
   867 | D:3      | Noticed Natasha
   875 | D:2      | Killed Natasha
   876 | D:2      | Reached skill level 6 in Short Blades
   896 | D:3      | Found a shadowy altar of Dithmenos.
  1082 | D:3      | Found a radiant altar of Vehumet.
  1109 | D:3      | Reached XP level 6. HP: 48/50 MP: 7/11
  1331 | D:4      | Reached skill level 1 in Translocations
  1387 | D:4      | Identified the +10 dagger of Demand {flame, Will+ Int+3}
  1401 | D:4      | Reached skill level 5 in Conjurations
  1426 | D:4      | Reached XP level 7. HP: 57/57 MP: 1/12
  1644 | D:4      | Reached skill level 7 in Short Blades
  1682 | D:4      | Found an ornate altar of the Wu Jian Council.
  1739 | D:4      | Found a stormy altar of Qazlal.
  1924 | D:5      | Entered Level 5 of the Dungeon
  1924 | D:5      | Noticed a water moccasin
  1927 | D:5      | Killed a water moccasin
  1928 | D:5      | Reached XP level 8. HP: 62/63 MP: 10/13
  1940 | D:5      | Found a burning altar of Makhleb.
  1942 | D:5      | You fall into a shaft and drop 1 floor!
  1966 | D:6      | Reached skill level 8 in Short Blades
  1987 | D:6      | Reached skill level 9 in Short Blades
  2025 | D:5      | Noticed Eustachio
  2038 | D:5      | Killed Eustachio
  2043 | D:5      | Found a basalt altar of Yredelemnul.
  2045 | D:5      | Found a staircase to the Ecumenical Temple.
  2056 | Temple   | Entered the Ecumenical Temple
  2072 | Temple   | Became a worshipper of Gozag Ym Sagoz the Greedy
  2102 | D:5      | Reached skill level 10 in Short Blades
  2134 | D:5      | Learned a level 3 spell: Vhi's Electric Charge
  2205 | D:6      | Gained mutation: You passively map the area around you.
                  | [Meteoran growth]
  2205 | D:6      | Reached XP level 9. HP: 70/70 MP: 14/14
  2244 | D:6      | Reached skill level 1 in Air Magic
  2609 | D:6      | Found a glowing silver altar of Zin.
  3084 | D:7      | Found a runed translucent door.
  3087 | D:7      | Noticed oldriver's ghost (novice NaAr)
  3092 | D:7      | Reached skill level 5 in Translocations
  3307 | D:7      | Found a sparkling altar of Nemelex Xobeh.
  3385 | D:7      | Reached skill level 5 in Fighting
  3798 | D:8      | Found an iron altar of Okawaru.
  3930 | D:8      | Noticed a deep elf pyromancer
  3949 | D:8      | Reached XP level 10. HP: 77/81 MP: 12/15
  3955 | D:8      | Killed a deep elf pyromancer
  3989 | D:8      | Identified the +8 great sword "Hell-Harrower" {antimagic,
                  | Will++ Dex+3}
  4051 | D:8      | Reached skill level 1 in Long Blades
  4102 | D:8      | Found a shimmering altar of Xom.
  4111 | D:8      | Found a staircase to the Lair.
  4120 | Lair:1   | Entered Level 1 of the Lair of Beasts
  4164 | D:8      | Reached skill level 5 in Long Blades
  4359 | Lair:1   | Noticed a death yak
  4360 | Lair:1   | Noticed a death yak
  4362 | Lair:1   | Noticed a death yak
  4405 | Lair:1   | Reached XP level 11. HP: 29/91 MP: 5/16
  4500 | Lair:1   | HP: 3/91 [komodo dragon (13)]
  4502 | Lair:1   | Mangled by a komodo dragon

Illustrated notes

Levels and vault maps discovered:
D:1:      lightli_arrival_windingriver, layout_basic, amethyst_killhole,
          nicolae_nh_oracle_at_delphi
D:2:      layout_rooms, chequers_ecumenical_altar_twisty,
          kennysheep_nondescript, dreamdust_mushroom_princess
D:3:      layout_loops_ring, nicolae_dithmenos_shadow_blocks,
          nicolae_vehumet_radiance, minmay_misc_feat_columns, minivault_27,
          uniq_natasha
D:4:      layout_gridville, nicolae_overflow_crystal_walls,
          nicolae_wu_jian_wuxing_cycle, minmay_between
D:5:      layout_cave_pools, mainiacjoe_overflow_boulevard,
          mainiacjoe_overflow_catwalk, minmay_temple_entry_junction,
          uniq_eustachio
D:6:      layout_gridville, zin_statuary, minmay_misc_feat_encased,
          small_statue_intersection, minmay_misc_feat_chi, nrook_uturn,
          st_stairs_13, serial_bayou_crossing
D:7:      layout_loops_corners, lemuel_round_altar, gammafunk_ghost_grave,
          bh_walls_and_bars
D:8:      minmay_ornate_pinched, layout_basic, lemuel_coloured_pillars_altar,
          dk_xom_monty_hall, kennysheep_little_box, skrybe_limestone_x
Temple:   hellmonk_temple_rainy
Lair:1:   layout_cave_pods, serial_bayou, serial_bayou_pond_c,
          serial_bayou_lagoon_a, serial_bayou_lake_a, serial_bayou_pond_e,
          grunt_megastairs_2, uniq_amaemon
Lair:2:   layout_chaotic_city, bh_autumn_forest_stairs, beast_lair_carwin_1

Skill      XL: |  1  2  3  4  5  6  7  8  9 10 11 |
---------------+----------------------------------+-----
Short Blades   | 4 5 6 7 10 | 10.0
Conjurations   | 4 5 |  5.2
Fighting       | 3 5 6 |  6.6
Translocations | 1 2 6 7 |  7.0
Air Magic      | 4 |  4.1
Dodging        | 3 |  3.6
Long Blades    | 8 9 |  9.6
Spellcasting   | |  2.9

Action                   |  1- 3 |  4- 6 |  7- 9 | 10-12 || total
-------------------------+-------+-------+-------+-------++-------
Melee: Short sword       |    94 |   186 |       |       ||   280
       Punch             |     1 |     2 |     2 |       ||     5
       Dagger            |       |     3 |   158 |    16 ||   177
       Great sword       |       |       |       |    98 ||    98
 Cast: Momentum Strike   |     5 |    19 |     3 |       ||    27
       Hailstorm         |       |     1 |     3 |       ||     4
       Vhi's Electric Ch |       |       |    15 |     7 ||    22
       Kiss of Death     |       |       |       |     2 ||     2
  Use: Scroll            |       |     6 |     6 |     2 ||    14
 Stab: Distracted        |       |       |     1 |       ||     1
Armor: Leather armour    |    17 |    72 |    28 |    19 ||   136
Dodge: Dodged            |    40 |    74 |    57 |    92 ||   263

Table legend: (Time is in decaauts)
 A = Elapsed time spent in this place.
 B = Non-inter-level travel time spent in this place.
 C = Inter-level travel time spent in this place.
 D = Time resting spent in this place.
 E = Time spent auto-exploring this place.
 F = Levels seen in this place.
 G = Mean time per level.
                   A        B        C        D        E       F      G
               +--------+--------+--------+--------+--------+-----+--------+
         Total |   4398 |   4254 |    144 |      0 |   2856 |  11 |  399.8 |
       Dungeon |   4123 |   3993 |    130 |      0 |   2771 |   8 |  515.4 |
        Temple |     28 |     14 |     14 |      0 |      9 |   1 |   28.0 |
          Lair |    245 |    245 |      0 |      0 |     76 |   2 |  122.5 |
               +--------+--------+--------+--------+--------+-----+--------+

Top non-repeatable levels by time:
     D:6: 870 daAuts
     D:7: 712 daAuts
     D:4: 591 daAuts
     D:8: 552 daAuts
     D:3: 469 daAuts
     D:2: 449 daAuts
     D:1: 331 daAuts
  Lair:1: 241 daAuts
     D:5: 146 daAuts
  Temple: 28 daAuts
  Lair:2: 4 daAuts
